 Dungeon Crawl Stone Soup version 0.29.1-1-gd02db6906a (webtiles) character file.

Game seed: 6713540823323598781

66 holycorn the Chopper (level 4, -2/41 HPs)
             Began as a Hill Orc Cinder Acolyte on Sept 20, 2022.
             Was a High Priest of Ignis.
             Slain by a gnoll
             ... wielding a +0 spear
              (5 damage)
             ... on level 2 of the Dungeon.
             The game lasted 00:03:45 (1375 turns).

holycorn the Chopper (Hill Orc Cinder Acolyte)      Turns: 1375, Time: 00:03:46

Health: -2/41      AC: 10    Str: 18    XL:     4   Next: 15%
Magic:  5/5        EV: 11    Int: 14    God:    Ignis [*****.]
Gold:   45         SH:  0    Dex:  6    Spells: 5/5 levels left

rFire   + . .      SeeInvis .   a - -1 hand axe (flame)
rCold   . . .      Faith    .   (no shield)
rNeg    . . .      Spirit   .   b - +0 robe
rPois   +          Reflect  .   (no helmet)
rElec   .          Harm     .   (no cloak)
rCorr   .          Rampage  .   (no gloves)
Will    .....                   h - +0 pair of boots
Stlth   +.........              (no amulet)
HPRegen 0.13/turn               d - ring of poison resistance
MPRegen 0.09/turn               (no ring)

@: fiery-armoured
A: no striking features
a: Renounce Religion, Fiery Armour, Foxfire Swarm, Rising Flame


You were on level 2 of the Dungeon.
You worshipped Ignis.
Ignis was extremely pleased with you.
You visited 1 branch of the dungeon, and saw 2 of its levels.

You collected 45 gold pieces.

Inventory:

Hand Weapons
 a - a -1 hand axe of flaming (weapon)
Armour
 b - a +0 robe (worn)
 h - a +0 pair of boots (worn)
Jewellery
 d - a ring of poison resistance (left hand)
Scrolls
 c - a scroll of enchant weapon {unknown}
 e - 3 scrolls of identify {unknown}
 f - a scroll of immolation {unknown}
Potions
 g - a potion of lignification {unknown}


   Skills:
 + Level 4.4 Fighting
 + Level 5.0 Axes
 * Level 0.8 Armour
 + Level 0.1 Dodging
 + Level 1.0 Spellcasting
 + Level 3.8 Fire Magic


You had 5 spell levels left.
You didn't know any spells.
Your spell library contained the following spells:

 Spells                   Type           Power      Damage    Failure   Level
 Scorch                   Fire           22%        2d6       9%          2
 Necrotise                Necr           0%         1d4       26%         1
 Vampiric Draining        Necr           0%         2d6       61%         3
 Agony                    Necr           0%         N/A       100%        5


Dungeon Overview and Level Annotations

Branches:
Dungeon (2/15)

Altars:
Sif Muna


Message History

A protective cloak of flame settles atop you.
The gnoll barely misses you. The gnoll misses you.
The gnoll hits you with a +0 spear.
You are too injured to fight recklessly!
You are too injured to fight recklessly!
You hit the gnoll but do no damage. You closely miss the gnoll.
The gnoll barely misses you.
The gnoll hits you from afar with a +0 spear.
The gnoll closely misses you.
You slash the gnoll! You burn the gnoll.
The gnoll is severely wounded.
You hit the gnoll. You burn the gnoll. The gnoll completely misses you.
The gnoll closely misses you. The gnoll hits you with a +0 spear.
The gnoll is burned by your cloak of flames.
The gnoll is almost dead.
You barely miss the gnoll.
The gnoll is almost dead.
You hit the gnoll but do no damage. The gnoll closely misses you.
The gnoll hits you with a +0 club.
* * * LOW HITPOINT WARNING * * *
The gnoll is burned by your cloak of flames.
The gnoll is severely wounded.
The gnoll hits you with a +0 spear.
* * * LOW HITPOINT WARNING * * *
The gnoll is burned by your cloak of flames.
You kill the gnoll!
You hit the gnoll. You burn the gnoll.
You kill the gnoll!
The gnoll closely misses you.
Your Axes skill increases to level 5!
You have reached level 4!
The gnoll hits you from afar with a +0 spear.
* * * LOW HITPOINT WARNING * * *
The gnoll barely misses you.
Things that are here:
a +0 spear; a metallic grey potion; a gnoll corpse You hit the gnoll.
You burn the gnoll.
The gnoll is moderately wounded.
The gnoll hits you with a +0 spear.
You die...

#.# #......# ### [..
#......# ..# #.##......#
#.#
####.........#######.#
........>....#.....#.#
......#......#.....#.#
..... #......#..)..#.###
......#).....#...###....
......g@.....'...'......
......########...#####..
...... #...# #.. .....
#...# #.. ..... #...#
### .... ##### # ####


You could see a gnoll.

Vanquished Creatures
  3 gnolls (D:2)
  An adder (D:2)
  2 dart slugs (D:1)
  4 ball pythons
  2 bats (D:1)
  3 endoplasms
  2 goblins (D:1)
  A hobgoblin (D:2)
  A frilled lizard (D:2)
  2 kobolds (D:1)
  5 rats (D:1)
26 creatures vanquished.

Vanquished Creatures (others)
  A plant (D:1)
1 creature vanquished.

Grand Total: 27 creatures vanquished

Notes
Turn   | Place    | Note
-------+----------+-------------------------------------------
     0 | D:1      | holycorn the Hill Orc Cinder Acolyte began the quest for
                  | the Orb.
     0 | D:1      | Reached XP level 1. HP: 19/19 MP: 2/2
   276 | D:1      | Found a faded altar of an unknown god.
   284 | D:1      | Reached XP level 2. HP: 18/27 MP: 3/3
  1169 | D:2      | Reached XP level 3. HP: 30/33 MP: 4/4
  1327 | D:2      | Found a shimmering blue altar of Sif Muna.
  1372 | D:2      | Reached skill level 5 in Axes
  1372 | D:2      | Reached XP level 4. HP: 6/41 MP: 5/5
  1373 | D:2      | HP: 2/41 [gnoll/+0 spear (4)]
  1375 | D:2      | Slain by a gnoll

Illustrated notes

Levels and vault maps discovered:
D:1:      dpeg_arrival_short_road, layout_basic,
          hellmonk_ecumenical_altar_arch_garden, serial_bayou_pond_c
D:2:      minmay_alternating_diamond, layout_basic, basic_altar

Skill      XL: |  1  2  3 |
---------------+----------+-----
Fighting       | 4 |  4.4
Axes           | 5 |  5.0
Armour         | |  0.8
Dodging        | |  0.1
Spellcasting   | |  1.0
Fire Magic     | |  3.8

Action                   |  1- 3 |  4- 6 || total
-------------------------+-------+-------++-------
Melee: Hand axe          |    59 |     1 ||    60
       Punch             |     1 |       ||     1
Invok: Fiery Armour      |     1 |       ||     1
Armor: Robe              |     5 |       ||     5
Dodge: Dodged            |    40 |     1 ||    41
